[Event "GRENKE Chess Classic 2024"]
[Site "Karlsruhe"]
[Date "2024.03.27"]
[Round "4.3"]
[White "Ding, Liren"]
[Black "Keymer, Vincent"]
[Result "1/2-1/2"]
[ECO "E21"]
[WhiteElo "2762"]
[BlackElo "2738"]
[Annotator "TA"]
[PlyCount "118"]
[EventDate "2024.03.26"]
[EventType "tourn"]
[EventCountry "GER"]
[SourceTitle "playchess.com"]
[Source "ChessBase"]
[SourceQuality "1"]
[TimeControl "2700+10"]

1. d4 Nf6 2. c4 e6 3. Nc3 Bb4 4. Nf3 d6 5. Qc2 O-O 6. Bd2 b6 {[%emt 0:01:02] E32: Nimzo-Indian: Classical (4 Qc2): 4...0-0.} 7. e4 c5 8. a3 Bxc3 9. Bxc3 cxd4 10. Nxd4 e5 {[%emt 0:00:01] has lost popularity (10...Bb7).} 11. Nf5 Bxf5 12. exf5 Nc6 13. O-O-O $146 ({Predecessor:} 13. Rd1 Qc7 14. Bd3 Rac8 15. O-O Na5 16. b3 d5 17. Rfe1 Rfe8 18. Qb2 d4 19. Bxa5 bxa5 {½-½ Turczynski,M (2276)-Stolz,S (2257) W-ch WS/M/231 email 2009}) 13... Rc8 14. Qd3 Qc7 15. Qxd6 Qxd6 16. Rxd6 Ne4 17. Rd7 Nxc3 18. bxc3 Rfd8 19. Rxd8+ Nxd8 20. Be2 Kf8 21. Rd1 Ke7 22. Rd5 f6 23. Kc2 Nb7 24. Kb3 Nc5+ 25. Kb4 Rd8 26. a4 Ne4 27. f3 a5+ 28. Kb3 Nc5+ 29. Ka3 Rd6 30. Bd1 Na6 31. Bc2 Nc7 32. Rxd6 Kxd6 33. Be4 Na6 34. g4 $2 (34. Bd5 $11) 34... Nc5 $19 35. h4 h5 36. gxh5 Ke7 37. Bc6 {[%emt 0:04:24] [#]} e4 $1 38. fxe4 $2 (38. Bxe4 Kd6 39. Bc2) 38... Kd6 $19 39. Bd5 Ke5 40. Bc6 $2 (40. Bf7) 40... Nxe4 $19 41. Bxe4 Kxe4 42. Kb3 Kxf5 43. c5 bxc5 44. Kc4 Ke4 $2 (44... Kg4 {mates} 45. Kxc5 f5 46. c4 f4 47. Kb6 f3 (47... Kxh4 48. c5 $11) 48. Kxa5 f2 (48... Kxh5 $2 49. c5 $19) 49. h6 gxh6 (49... f1=B $2 50. h7 $18) (49... f1=Q $2 50. c5 $19) 50. Kb5 f1=Q (50... f1=B $2 51. a5 $19) 51. a5 Qd3 (51... Kxh4 52. Kc5 Kg4 53. a6 h5 54. a7 Qg1+ 55. Kd6 Qb6+ 56. Ke5 Qxa7 57. Kd6 h4 58. c5 h3 59. c6 h2 60. c7 Qb7 61. Ke6 h1=Q 62. Ke5 Qxc7+ 63. Kd4 Qd1+ 64. Ke4 Qf4#) 52. Kb4 Qb1+ (52... Kxh4 53. a6 Qd7 54. Kc5 Kg4 55. Kb6 h5 56. c5 Qc8 57. c6 h4 58. Kc5 h3 59. Kd4 h2 60. a7 h1=Q 61. a8=B Qxa8 62. Ke3 Qaxc6 63. Kd3 Qhf3+ 64. Kd4 Qfe4#) 53. Kc5 Qf5+ (53... Kxh4 54. Kd6 Qd3+ 55. Kc5 Kg3 56. a6 Qb3 57. a7 Qb7 58. Kd6 Qa6+ 59. Ke7 Qxa7+ 60. Kd6 Qd4+ 61. Ke7 Qxc4 62. Kf6 Kf4 63. Ke7 Kf5 64. Kd7 Ke5 65. Ke8 Qc7 66. Kf8 Kf6 67. Kg8 Qg7#) 54. Kd6 Qf8+ (54... Qxa5 55. c5 Kxh4 56. c6 Qd8+ 57. Kc5 Qc7 58. Kd5 h5 59. Ke6 Qxc6+ 60. Ke5 Kg4 61. Kd4 h4 62. Ke5 h3 63. Kd4 h2 64. Kd3 h1=Q 65. Kd2 Qhc1+ 66. Ke2 Qf3#) 55. Kd5 Kxh4 56. Kc6 Qc8+ 57. Kd6 Qxc4 58. Ke5 Qc7+ 59. Kf5 Qxa5+ 60. Ke4 Kg3 61. Kd3 Kf3 62. Kc2 Ke2 63. Kb3 Kd3 64. Kb2 Qa4 65. Kb1 Kc3 66. Kc1 Qc2#) 45. Kxc5 $15 f5 46. c4 $1 f4 47. Kb6 $1 f3 48. c5 $1 f2 49. c6 $1 f1=Q 50. c7 $1 Qf5 51. Kb7 $1 Qd7 (51... Qxh5 52. c8=Q) 52. Kb8 Qd6 (52... Qxa4 $15 {deserves consideration.} 53. c8=Q Qb4+ (53... Qb3+ 54. Ka7 $17) 54. Ka8 Kf3) 53. Kb7 $1 $11 Qd7 54. Kb8 Qxa4 55. c8=Q Qd4 56. Qg4+ Kd5 57. Qd7+ Ke4 58. Qg4+ Kd5 59. Qd7+ $1 Ke4 1/2-1/2

[Event "GRENKE Chess Classic 2024"]
[Site "Karlsruhe"]
[Date "2024.03.28"]
[Round "5.1"]
[White "Vachier-Lagrave, Maxime"]
[Black "Rapport, Richard"]
[Result "1-0"]
[ECO "C18"]
[WhiteElo "2728"]
[BlackElo "2720"]
[Annotator "TA"]
[PlyCount "139"]
[EventDate "2024.03.26"]
[EventType "tourn"]
[EventCountry "GER"]
[SourceTitle "playchess.com"]
[Source "ChessBase"]
[SourceQuality "1"]
[TimeControl "2700+10"]

1. e4 e6 2. d4 d5 3. Nc3 Bb4 4. e5 c5 5. a3 Bxc3+ 6. bxc3 Ne7 7. Qg4 Qc7 8. Bd3 Qa5 9. Bd2 (9. Qxg7 $2 Qxc3+ (9... Rg8 $2 10. Qf6 $19) 10. Ke2 Rg8 $19) 9... c4 10. Be2 (10. Qxg7 Rg8 11. Qxh7 cxd3 12. Qxd3 Nd7 $17 (12... Rxg2 13. h4 $15)) 10... Rg8 {[%emt 0:00:04] The position is equal.} 11. a4 Nbc6 12. Nf3 Bd7 13. O-O h6 14. Rfb1 O-O-O 15. Rb5 Qc7 16. Qf4 g5 17. Qxf7 Nf5 {[%emt 0:03:28] ...Rdf8 is the strong threat.} 18. g4 Rdf8 19. Qh5 Be8 20. Qh3 $36 {[%emt 0:00:03][%cal Og1h1][%mdl 2048] White is pushing.} h5 21. Nxg5 $1 $16 (21. gxf5 $2 g4 22. Qg3 gxf3 $19) 21... hxg4 22. Bxg4 Qe7 23. f4 Rh8 24. Qg2 Nd8 25. Rbb1 Bg6 (25... Bh5 $14) 26. Rf1 (26. Bc1 $16) 26... Kb8 $11 27. Bc1 {[%emt 0:00:11] Ba3 would now be deadly.} Rfg8 28. Kf2 (28. Qd2 $11) 28... Nh4 $15 29. Qg3 Bxc2 30. Ke1 Bd3 {[%emt 0:02:09][%mdl 1024] Black has compensation.} 31. Rg1 Ka8 32. Qf2 Nf5 33. Ba3 ({White should play} 33. Ra2 $11) 33... Qd7 34. Bd1 Nc6 35. Kd2 Rg6 36. Kc1 Qc7 37. h3 Qa5 38. Qd2 b5 39. axb5 $1 {[%emt 0:03:02] [#]} Rb8 $1 40. Bb2 (40. bxc6 $2 Qxa3+ 41. Rxa3 Rb1#) 40... Qxb5 {[%emt 0:00:14][%cal Of5e3] aiming for ...Ne3!} 41. Ba4 $1 {[%emt 0:00:01] Really sharp!} Qb7 {[%emt 0:00:59][%cal Of5d4] And now ...Nfxd4! would win.} 42. Kd1 Na5 {[%emt 0:00:32] A dynamic duo of knights.} (42... Qxb2 43. Bxc6+ Rb7 44. Qxb2) 43. Ba3 {[%emt 0:00:01] [#]} Qh7 $2 44. Bb4 $1 $18 (44. Nxh7 Rxg1+ $11) 44... Qh5+ {[%emt 0:01:21] [#]} 45. Kc1 $1 Rxb4 46. cxb4 Nxd4 47. Kb2 (47. bxa5 Ne2+ 48. Kd1 Nxg1+ 49. Ke1 Qe2+ (49... Nxh3 50. Bc6+ Kb8 51. Qb2+ Kc8 52. Qb7+ Kd8 53. Nf7#) (49... Nf3+ $2 50. Nxf3 $18) 50. Qxe2 Nxe2 $11) 47... Nab3 48. Bxb3 (48. Qf2 $18 {and White stays clearly on top.} Qe2+ (48... a5 $2 49. Be8 $18) 49. Qxe2 Nxe2 50. Bxb3 Nxg1 51. Rxg1 cxb3 52. Kxb3) 48... Nxb3 $16 49. Qf2 d4 $2 (49... Nxa1 $16 50. Rxa1 Qe2+ 51. Qxe2 Bxe2) 50. Ra3 $2 (50. Qg2+ Kb8 51. Qc6 Nxa1 52. Nxe6 c3+ 53. Ka3) 50... Qe2+ $18 51. Qxe2 Bxe2 52. Rxb3 cxb3 53. Kxb3 {[%emt 0:00:01][%mdl 4096] Endgame. KRB-KRN} Kb7 {[%emt 0:00:14] [#]} 54. Nf3 $1 Rh6 (54... Rxg1 55. Nxg1 Bd1+ 56. Kc4 $18) 55. Nxd4 Rxh3+ 56. Kb2 Rh2 (56... Bc4 57. Rg6 Rh4) 57. Kc3 (57. Nxe6 Bc4+ 58. Kc3 Bxe6 $11) (57. Rg7+ $142 Kb6 58. Nxe6) 57... Rh3+ {[%emt 0:00:01] [#]} 58. Kc2 $1 Rh2 (58... Bd3+ 59. Kd2 Bc4 60. Rg7+ Kc8) 59. Rg7+ (59. Nxe6 Bc4+ 60. Kc3 Bxe6 $11) 59... Kb6 (59... Kc8 $142 60. Kb3 (60. Nxe6 Bc4+ 61. Kc3 Bxe6 $11) (60. Rxa7 Bb5+ 61. Kc1 Rh1+ 62. Kd2 Rh2+ 63. Ke3 Rh3+ 64. Kf2 Bc4 $18) 60... Rh3+ 61. Ka4 Bc4) 60. Nxe2 Rxe2+ {[%emt 0:00:01] KR-KR} 61. Kd3 Rf2 62. Ke3 Rb2 63. Rg6 Rb3+ 64. Kf2 Rxb4 65. Rxe6+ Kc5 66. Kf3 a5 67. Ra6 {[%emt 0:00:03] White mates.} a4 68. e6 Kd5 69. f5 a3 70. e7 {[%emt 0:00:06] Weighted Error Value: White=0.27 (precise) /Black=0.21 (precise) .  Loses game:     	---       	Black=2      Mistake:       	White=6     	Black=5      Inaccurate:     	White=3     	Black=4      OK:         	White=16    	Black=23     Best:        	White=5     	Black=7      Strong:       	White=6     	Black=1} 1-0

[Event "GRENKE Chess Classic 2024"]
[Site "Karlsruhe"]
[Date "2024.03.28"]
[Round "5.2"]
[White "Keymer, Vincent"]
[Black "Carlsen, Magnus"]
[Result "0-1"]
[ECO "A61"]
[WhiteElo "2738"]
[BlackElo "2830"]
[Annotator "TA"]
[PlyCount "132"]
[EventDate "2024.03.26"]
[EventType "tourn"]
[EventCountry "GER"]
[SourceTitle "playchess.com"]
[Source "ChessBase"]
[SourceQuality "1"]
[TimeControl "2700+10"]

1. d4 Nf6 2. c4 e6 3. Nc3 c5 4. d5 exd5 5. cxd5 d6 6. Nf3 g6 7. Bf4 Bg7 8. Qa4+ Bd7 9. Qb3 b5 10. Bxd6 Qb6 11. Be5 O-O 12. e3 c4 13. Qd1 b4 14. Nb1 Bb5 15. a4 {[%emt 0:06:43] White is slightly better.} Ba6 16. Nbd2 $1 Rc8 ({Of course not} 16... Nxd5 17. Nxc4 (17. Bxc4 Bxe5 18. Nxe5 Nxe3 $11) 17... Qd8 18. Bxg7 Kxg7 19. Be2 $16) 17. Rc1 c3 18. bxc3 Bxf1 19. Kxf1 {[%emt 0:04:04] And now Bxf6 would win.} Nbd7 {[%emt 0:00:42] [#] White must now prevent ...Qa6+.} 20. Bxf6 Nxf6 21. cxb4 Qa6+ 22. b5 Rxc1 23. Qxc1 Qxa4 24. g3 Qxb5+ 25. Kg2 Qxd5 26. Qc4 a5 (26... Qxc4 {simplifies} 27. Nxc4 a5 28. Nd4 a4) 27. Ra1 Qxc4 $1 28. Nxc4 a4 29. Nb6 $2 {[%emt 0:04:35] [#] Now White is beyond hope.} (29. Nd4 $15) 29... Nd5 $1 30. Rxa4 Nxb6 31. Rb4 Nd5 32. Rb7 h6 33. Rd7 Nc3 34. Rd2 Bf6 35. h4 Ra2 36. Rxa2 Nxa2 37. Ne1 Nb4 38. Nf3 Bc3 39. Ng1 Kg7 40. Kf3 Kf6 41. Ne2 Be5 42. Ng1 Ke6 43. Ne2 Kd5 44. Ng1 Nd3 45. Ke2 Nc1+ 46. Kd2 Na2 47. Kd3 Nc3 48. Nf3 Ne4 49. Ke2 Bg7 50. Ne1 Kc4 51. Kf3 Nc3 52. Kg2 Nd5 53. Kf1 (53. Nf3 $142) 53... Bc3 $19 {[%emt 0:00:21] ...Bxe1 is the strong threat.} 54. Nf3 Kd3 55. Ng1 Nf6 56. Nh3 Be5 57. Ng1 Ne4 58. Kg2 f5 59. Nh3 g5 60. hxg5 hxg5 {[%emt 0:00:02] ( -> ...g4)} 61. f4 g4 {[%emt 0:00:04] Black mates.} 62. fxe5 gxh3+ 63. Kxh3 Ng5+ 64. Kh4 Nf3+ 65. Kh5 Nxe5 66. Kg5 Ke4 {[%emt 0:00:02] Weighted Error Value: White=0.26 (precise) /Black=0.07 (flawless) .  Mistake:       	White=2     	---        Inaccurate:     	White=5     	---        OK:         	White=14    	Black=25     Best:        	White=1     	Black=2      Strong:       	White=1     	Black=1} ({Weaker is} 66... Kxe3 67. Kxf5 Nf7 68. g4 $11) 0-1

[Event "GRENKE Chess Classic 2024"]
[Site "Karlsruhe"]
[Date "2024.03.28"]
[Round "5.3"]
[White "Fridman, Daniel"]
[Black "Ding, Liren"]
[Result "1/2-1/2"]
[ECO "A05"]
[WhiteElo "2590"]
[BlackElo "2762"]
[Annotator "TA"]
[PlyCount "94"]
[EventDate "2024.03.26"]
[EventType "tourn"]
[EventCountry "GER"]
[SourceTitle "playchess.com"]
[Source "ChessBase"]
[SourceQuality "1"]
[TimeControl "2700+10"]

1. Nf3 Nf6 2. g3 d5 3. Bg2 c5 4. O-O e6 5. c4 d4 6. e3 Nc6 7. d3 h6 8. exd4 cxd4 {[%emt 0:00:27] Weiß hat minimalen Vorteil.} 9. Bf4 Nd7 10. Re1 Be7 11. Na3 O-O 12. Nc2 Re8 13. Be5 Ncxe5 14. Nxe5 Nxe5 15. Rxe5 Bd7 16. Re4 Qc7 17. Nxd4 Rad8 18. Qb3 Bc6 19. Nxc6 bxc6 20. d4 Rd7 21. Rd1 Red8 22. d5 cxd5 23. cxd5 Rxd5 24. Rxd5 Rxd5 25. Rc4 Rc5 26. Rxc5 Bxc5 $11 {[%emt 0:00:02][%mdl 4096] Endspiel. KQB-KQB} 27. Qb5 g6 28. Bf3 Qe5 {[%emt 0:00:11][%cal Oc5f2] [#] Und ...Bxf2+! würde nun gewinnen.} 29. Qe2 Qd4 30. Kg2 h5 31. h4 Kg7 32. a3 a5 33. b4 axb4 34. axb4 Qxb4 35. Qe5+ Kg8 (35... Kf8 {sieht schärfer aus.} 36. Qh8+ Ke7 37. Bc6 Qd4) 36. Qe4 (36. Bxh5 $1 $11 {bleibt in der Remisbreite.} Qb6 (36... gxh5 37. Qg5+ Kh7 38. Qxh5+ Kg7 39. Qg5+ Kh7 40. Qh5+ Kg7 41. Qg5+ Kh7 42. Qh5+ $11) 37. Be2) 36... Qb2 37. Qe2 Qd4 38. Bc6 Kg7 39. Bf3 e5 40. Bc6 f5 41. Bb7 e4 42. Bc6 Kf6 (42... Qc3 $17 {[%cal Oc5f2] Droht ...Bxf2! und aus.} 43. Be8 Qb3) 43. Bb7 (43. Be8 $11 {hält das Gleichgewicht.}) 43... g5 (43... Bb6 $17) 44. hxg5+ {[%emt 0:00:06] Die Stellung ist ausgeglichen.} Kxg5 45. Bc6 Qd3 46. f4+ exf3+ 47. Bxf3 Qxe2+ {[%emt 0:00:02] Gewichteter Fehlerwert: Weiß=0.11 (sehr präzise) /Schwarz=0.09 (makellos) .  Fehler:       	Weiß=2     	Schwarz=2     Ungenau:       	Weiß=2     	Schwarz=3     OK:         	Weiß=13    	Schwarz=15    Bester:       	Weiß=1     	---} 1/2-1/2

[Event "GRENKE Chess Classic 2024"]
[Site "Karlsruhe"]
[Date "2024.03.28"]
[Round "6.1"]
[White "Fridman, Daniel"]
[Black "Keymer, Vincent"]
[Result "1/2-1/2"]
[ECO "A05"]
[WhiteElo "2590"]
[BlackElo "2738"]
[Annotator "TA"]
[PlyCount "126"]
[EventDate "2024.03.26"]
[EventType "tourn"]
[EventCountry "GER"]
[SourceTitle "playchess.com"]
[Source "ChessBase"]
[SourceQuality "1"]
[TimeControl "2700+10"]

1. Nf3 Nf6 2. g3 b5 3. Bg2 Bb7 4. Na3 a6 5. c4 bxc4 6. Nxc4 {[%emt 0:00:02] A05: Réti Opening: 1 Nf3 Nf6.} e6 7. O-O Be7 8. d3 c5 9. Qb3 Ra7 10. Qb6 $146 ({Predecessor:} 10. Bd2 Nc6 11. Qa4 O-O 12. Rac1 a5 13. Bc3 d6 14. Rfd1 Nd7 15. e4 Nb4 16. Bxb4 cxb4 {1-0 Bharath,S (2504)-Keymer,V (2738) Wch Rapid Samarkand 2023 (1)}) 10... Qxb6 11. Nxb6 Nc6 12. b3 d6 13. Bb2 e5 14. Nd2 Nb4 15. a3 Nbd5 16. Nxd5 Nxd5 17. e3 f6 18. d4 cxd4 19. exd4 Kf7 20. Nc4 Nc7 21. dxe5 dxe5 22. f4 exf4 23. Rxf4 Ne6 24. Rff1 Rd8 25. b4 Bxg2 26. Kxg2 Rc7 27. Rac1 Rdc8 28. Ne5+ Ke8 29. Rxc7 Rxc7 30. Nd3 Kd7 31. Rf2 Bd6 32. Rd2 Ke7 33. Nc1 Rc4 34. Nb3 Bc7 35. Nd4 Nxd4 36. Bxd4 Bd6 37. Kf3 h5 38. h3 Rc1 39. Rd3 Ke6 40. Be3 Rh1 41. Kg2 Ra1 42. Bf4 Bxf4 43. gxf4 Kf5 44. Kf3 Rf1+ 45. Kg2 $1 Ke4 46. Rd6 (46. Rb3 $11 {keeps the balance.} Ra1 (46... Rxf4 47. a4 $11) 47. Kg3) 46... Rb1 $1 $17 47. Rxa6 Kxf4 48. h4 Rb2+ 49. Kf1 (49. Kh3 $17) 49... Kf3 50. Ke1 $2 (50. Re6 {only move.}) 50... Kg4 (50... Kg3 $142 51. Kd1 g5 (51... Kxh4 52. Kc1 $17)) 51. Kd1 $2 {[%emt 0:00:19] [#]} (51. Re6 {was the crucial defense.} Kxh4 52. Re3) 51... Kxh4 $2 (51... g5 $1 $19 {[%cal Rg5h4] is more deadly.} 52. Rxf6 Kxh4) 52. Kc1 $17 Re2 53. b5 Kg3 54. b6 Re8 55. a4 h4 56. Ra7 Rg8 $1 (56... g5 57. a5 Rh8 58. Rd7 $18 (58. b7 Rb8 $17)) 57. a5 (57. Re7 $5 h3 $8 58. b7 $11) 57... h3 58. Rd7 $2 (58. Re7 $11 Kf2 59. Rc7) 58... h2 $19 59. Rd3+ Kh4 60. Rd4+ Kh3 61. Rd3+ Kh4 62. Rd4+ $1 Kh3 63. Rd3+ {[%emt 0:00:05] [#]} Kh4 $2 (63... Kg4 $1 $19 64. Rd4+ Kg5) 1/2-1/2

[Event "GRENKE Chess Classic 2024"]
[Site "Karlsruhe"]
[Date "2024.03.28"]
[Round "6.2"]
[White "Carlsen, Magnus"]
[Black "Rapport, Richard"]
[Result "1-0"]
[ECO "A61"]
[WhiteElo "2830"]
[BlackElo "2720"]
[Annotator "TA"]
[PlyCount "63"]
[EventDate "2024.03.26"]
[EventType "tourn"]
[EventCountry "GER"]
[SourceTitle "playchess.com"]
[Source "ChessBase"]
[SourceQuality "1"]
[TimeControl "2700+10"]

1. d4 Nf6 2. c4 e6 3. Nf3 c5 4. d5 d6 5. Nc3 exd5 6. cxd5 g6 7. h3 Bg7 8. e4 O-O 9. Be3 Re8 (9... Qe7 $5) 10. Nd2 a6 11. a4 Nxe4 {[%emt 0:00:05] White has an edge.} 12. Ncxe4 {[%emt 0:00:03] Black must now prevent Be2.} f5 $1 {[%emt 0:00:01] [#]} 13. Be2 $1 {[%emt 0:00:20] aiming for Bg5.} fxe4 14. Nc4 a5 15. Bf4 {[%emt 0:07:32][%cal Od1b3][%mdl 1024] White has compensation.} Bf8 16. Ra3 Na6 $1 17. O-O Nb4 18. Qd2 b6 19. Rg3 Ra7 {[%emt 0:00:55] [#]} 20. h4 $1 Rf7 (20... Ba6 21. h5) 21. Bg5 Be7 22. Bxe7 Qxe7 23. h5 Bf5 24. Bg4 {[%emt 0:01:56] Hoping for hxg6.} Bxg4 25. Rxg4 Rg7 (25... Rf5 $11 {and Black is okay.} 26. Qh6 Qf8 27. Qxf8+ Rexf8) 26. Re1 $18 {[%emt 0:03:16] Strongly threatening Rgxe4.} ({Stronger than} 26. Nxb6 gxh5 27. Rxg7+ Kxg7 $11 (27... Qxg7 28. Qf4 $15)) 26... gxh5 $2 {[%emt 0:00:12][%mdl 8192] This move loses the game for Black.} (26... Qf6 $16) 27. Rgxe4 Qxe4 28. Rxe4 {[%emt 0:00:02] White is clearly winning.} Rxe4 29. Nxd6 Re5 30. f4 Rxd5 31. Qe2 h6 (31... Ra7 $142) 32. Qe6+ {[%emt 0:00:56] Weighted Error Value: White=0.15 (very precise) /Black=0.40.  Loses game:     	---       	Black=1      Mistake:       	---       	Black=2      Inaccurate:     	White=2     	Black=3      OK:         	White=11    	Black=7      Best:        	White=2     	Black=1      Strong:       	---       	Black=2} 1-0

[Event "GRENKE Chess Classic 2024"]
[Site "Karlsruhe"]
[Date "2024.03.28"]
[Round "6.3"]
[White "Ding, Liren"]
[Black "Vachier-Lagrave, Maxime"]
[Result "1/2-1/2"]
[ECO "A48"]
[WhiteElo "2762"]
[BlackElo "2728"]
[Annotator "TA"]
[PlyCount "75"]
[EventDate "2024.03.26"]
[EventType "tourn"]
[EventCountry "GER"]
[SourceTitle "playchess.com"]
[Source "ChessBase"]
[SourceQuality "1"]
[TimeControl "2700+10"]

1. d4 Nf6 2. Nf3 g6 3. c4 Bg7 4. e3 O-O 5. Be2 c5 6. d5 e6 7. Nc3 d6 8. O-O exd5 9. cxd5 Bg4 10. h3 Bxf3 11. Bxf3 Qe7 12. Bd2 {[%emt 0:01:45] White is slightly better.} Nbd7 13. Qc2 a6 14. a4 c4 15. Be2 Rac8 16. Rfd1 Rfe8 17. Rac1 Nc5 18. Bxc4 Nce4 19. Bf1 Nxd2 ({Wrong is} 19... Nxf2 $2 20. Kxf2 Bh6 21. Kg1 $18) 20. Qxd2 Rc5 21. b4 Rc7 22. b5 axb5 23. Nxb5 Rxc1 24. Qxc1 Ne4 25. Bd3 Nc5 26. Qc4 Rc8 27. Bc2 Qd8 28. Qe2 {[%emt 0:00:49] White is more active.} h5 29. Rb1 Be5 30. Nd4 Qe7 {[%emt 0:01:26] [#] Threatens to win with ...Bxd4.} 31. Nf3 Bf6 32. Rb4 Qd8 33. g3 Kg7 34. Kg2 Qa5 35. Qb5 Qd8 36. Qe2 Qa5 $1 37. Qb5 Qd8 38. Qe2 {[%emt 0:03:01] Weighted Error Value: White=0.12 (very precise) /Black=0.07 (flawless) .  Mistake:       	White=1     	---        Inaccurate:     	White=1     	Black=1      OK:         	White=10    	Black=9      Strong:       	---       	Black=1} (38. Rc4 $16) 1/2-1/2

[Event "GRENKE Chess Classic 2024"]
[Site "Karlsruhe"]
[Date "2024.03.30"]
[Round "7.1"]
[White "Rapport, Richard"]
[Black "Ding, Liren"]
[Result "1-0"]
[ECO "C26"]
[WhiteElo "2720"]
[BlackElo "2762"]
[Annotator "TA"]
[PlyCount "107"]
[EventDate "2024.03.26"]
[EventType "tourn"]
[EventCountry "GER"]
[SourceTitle "playchess.com"]
[Source "ChessBase"]
[SourceQuality "1"]
[TimeControl "2700+10"]

1. e4 e5 2. Bc4 Nf6 3. Nc3 Bc5 4. Nge2 O-O 5. O-O c6 6. d4 {[%emt 0:01:52] C27: Vienna Game: 2...Nf6 3 Bc4 Nxe4.} exd4 7. Nxd4 d5 8. exd5 cxd5 9. Bb3 Bg4 $146 ({Predecessor:} 9... Nc6 10. Be3 Bb6 11. h3 Ne5 12. Bg5 Be6 13. Re1 Bc7 14. Bxf6 Qxf6 15. Bxd5 Rad8 {0-1 Pandelescu,M (1701)-Bulmaga,I (2429) Bucharest Grand Prix op rapid 2024 (1)}) 10. f3 Nc6 11. Nce2 Bh5 12. c3 Re8 13. Bg5 Bg6 14. Kh1 Qb6 15. Bxf6 gxf6 16. Nf4 $1 Ne7 17. Qd2 (17. Bxd5 Rad8 18. Be4 Kh8 $11) 17... Kg7 18. Rfe1 (18. Nxd5 Nxd5 19. Bxd5 Rad8 $15) (18. Bxd5 $6 Red8 19. Be4 Bxd4 20. cxd4 Rxd4 $11) 18... Bxd4 19. Qxd4 Qxd4 20. cxd4 Nf5 21. Red1 (21. Nxd5 $6 Nxd4 22. Rxe8 Rxe8 $11) 21... Rad8 22. Rac1 (22. Nxd5 Re2 $11) (22. Bxd5 Rd7 $11 (22... Ne3 23. Re1 $14)) 22... Ne3 23. Re1 Nc4 (23... Nf5 $142) 24. Rxe8 $16 Rxe8 25. h4 (25. Nxd5 Nxb2 26. h4 a5 $16) 25... b5 26. Nxd5 (26. h5 $142 Bf5 27. Nxd5) 26... Nxb2 27. Rc7 a5 28. Nf4 $1 a4 29. Bd5 Nd3 30. Nxg6 hxg6 31. Rxf7+ Kh6 32. Rxf6 Rd8 33. Bc6 $1 Kg7 34. Re6 Rxd4 35. Bxb5 Rxh4+ 36. Kg1 Rd4 37. a3 g5 38. Re3 ({White should play} 38. Kh2) 38... Nf4 $16 39. Re4 Rd1+ $1 40. Bf1 Nd5 ({Black should try} 40... Ra1 $14) 41. Kf2 $1 $16 ({Worse is} 41. Rxa4 Ne3 42. Ra7+ Kf6 $11) 41... Rd2+ 42. Kg3 (42. Ke1 $16 Ra2 43. Re5 (43. Rxa4 Ne3 $14)) 42... Rd1 (42... Kf6 $14) 43. Bc4 Nf4 44. Kg4 Nxg2 45. Kxg5 Ra1 $2 (45... Rc1 46. Be2 Rc5+ 47. Kg4 Rc3) 46. Re8 $18 Rxa3 $2 (46... Rb1 $18 47. Rg8+ Kh7) 47. Rg8+ Kh7 48. Rf8 $1 Rc3 49. Rf7+ Kg8 50. Be6 Re3 {[%emt 0:00:20] [#]} 51. Bd5 $1 a3 {[%emt 0:00:15] [#]} 52. Kh6 $1 Rd3 53. Bc4 Ne3 54. Rg7+ (54. Bxd3 $2 {is the wrong capture.} Kxf7 55. Bb1 Kf6 $19) 1-0

[Event "GRENKE Chess Classic 2024"]
[Site "Karlsruhe"]
[Date "2024.03.30"]
[Round "7.2"]
[White "Carlsen, Magnus"]
[Black "Fridman, Daniel"]
[Result "1-0"]
[ECO "C08"]
[WhiteElo "2830"]
[BlackElo "2590"]
[Annotator "TA"]
[PlyCount "83"]
[EventDate "2024.03.26"]
[EventType "tourn"]
[EventCountry "GER"]
[SourceTitle "playchess.com"]
[Source "ChessBase"]
[SourceQuality "1"]
[TimeControl "2700+10"]

1. e4 e6 2. d4 d5 3. Nd2 c5 4. exd5 exd5 5. Bb5+ Nc6 6. Qe2+ Qe7 7. dxc5 Qxe2+ 8. Nxe2 Bxc5 9. Nb3 Bb6 10. Bd2 Bd7 11. a4 a6 12. Bxc6 {[%emt 0:00:04] White is slightly better.} Bxc6 13. a5 Ba7 14. Bc3 f6 15. Bd4 Bb8 16. O-O-O Nh6 17. Bb6 Kf7 18. Ned4 Ng4 19. Nxc6 (19. Rde1 {is interesting.} h5 20. g3 h4 21. Nf5) 19... bxc6 {[%emt 0:00:03] [#]} 20. c4 $1 dxc4 21. Rd7+ Kg6 22. Nd2 $36 {[%emt 0:00:05][%mdl 2048] White has good play.} Bf4 23. Kc2 Ne5 24. Rd4 Bxd2 25. Kxd2 c5 26. Bxc5 Rac8 27. Bb6 c3+ 28. bxc3 Rc6 29. Rb1 Rhc8 30. Rb3 Re6 31. Kc2 Nc4 32. Rb4 $1 Rec6 33. Kb3 {[%emt 0:04:07] Prevents Na3} Nxb6 34. axb6 $16 {[%emt 0:00:02][%mdl 4096] Endgame. KRR-KRR} Rb8 {[%emt 0:00:01][%cal Oa6a5] [#]} 35. c4 $1 {[%emt 0:00:17][%cal Bc3c4,Bc4c5][%mdl 32] Black must now prevent b7.} Rbxb6 {[%emt 0:01:30] [#]} (35... Kf5 $16 36. b7 Rc7) 36. c5 $1 $18 Rxb4+ 37. Kxb4 {[%emt 0:00:02] KR-KR} f5 (37... Kf5 {was necessary.} 38. Rd7 h5) 38. Kc4 {[%emt 0:00:37] Kd5 would now be deadly. White is clearly winning.} Kf6 (38... Rc8 $142 39. Rd6+ Kg5 40. Rxa6 f4) 39. Kd5 Rc8 40. c6 Rd8+ {[%emt 0:01:06] [#]} 41. Kc5 $1 Rc8 42. f4 {[%emt 0:00:41] Weighted Error Value: White=0.03 (flawless) /Black=0.27 (precise) .  Mistake:       	---       	Black=3      Inaccurate:     	White=1     	Black=4      OK:         	White=15    	Black=10     Best:        	White=3     	Black=4      Strong:       	White=2     	---        Brilliant:      	White=1     	---} 1-0

[Event "GRENKE Chess Classic 2024"]
[Site "Karlsruhe"]
[Date "2024.03.30"]
[Round "7.3"]
[White "Vachier-Lagrave, Maxime"]
[Black "Keymer, Vincent"]
[Result "1/2-1/2"]
[ECO "E46"]
[WhiteElo "2728"]
[BlackElo "2738"]
[Annotator "RC"]
[PlyCount "104"]
[EventDate "2024.03.26"]
[EventType "tourn"]
[EventCountry "GER"]
[SourceTitle "playchess.com"]
[Source "ChessBase"]
[SourceQuality "1"]
[TimeControl "2700+10"]

1. d4 Nf6 2. c4 e6 3. Nc3 Bb4 4. e3 O-O 5. Bd2 b6 6. Bd3 c5 7. a3 Bxc3 8. Bxc3 cxd4 9. Bxd4 Nc6 10. Bc3 d5 11. Qa4 d4 12. exd4 Nxd4 13. O-O-O Bd7 14. Qb4 a5 15. Qd6 Nb3+ 16. Kb1 Nc5 17. Bc2 Nfe4 18. Qd4 Nxc3+ 19. Qxc3 Qc7 20. Nf3 Rfd8 21. Rd4 Bc6 22. Rh4 f5 23. Re1 Be4 24. Bxe4 Nxe4 25. Rhxe4 fxe4 26. Rxe4 Rac8 27. Ka2 Qc5 28. Rg4 Rc7 29. Qe1 Re7 30. Qe2 Rf8 31. Re4 e5 32. Re3 e4 33. Nd2 Rc8 34. Rxe4 Rxe4 35. Qxe4 h6 36. f3 Kh8 37. Qe6 Qc7 38. Kb3 Rd8 39. Ne4 Qxh2 40. g3 Qe2 41. Ka2 a4 42. Qc6 Qxf3 43. Qxb6 Re8 44. Nc3 Qxg3 45. Nxa4 Qd3 46. Qb5 Re2 47. Nc5 Qc2 48. Nd7 Kh7 49. Nf8+ Kg8 50. Nd7 Kh7 51. Nf8+ Kg8 52. Nd7 Kh7 1/2-1/2